 Dungeon Crawl Stone Soup version 0.30-a0-760-g5a9884bb7c (webtiles) character file.

Game seed: 2874971313750083385

30199 Dirtsage the Fencer (level 13, -3/106 HPs)
             Began as a Merfolk Gladiator on Feb 11, 2023.
             Was a Priest of Wu Jian.
             Killed from afar by a lindwurm (31 damage)
             ... with a blast of flame
             ... on level 3 of the Lair of Beasts.
             The game lasted 00:46:22 (14228 turns).

Dirtsage the Fencer (Merfolk Gladiator)            Turns: 14228, Time: 00:46:23

Health: -3/106     AC: 18    Str: 17 (18) XL:     13   Next: 50%
Magic:  13/13      EV: 21    Int:  7      God:    Wu Jian [***...]
Gold:   591        SH:  0    Dex: 22      Spells: 12/12 levels left

rFire   . . .      SeeInvis .    a - +3 great sword (vamp)
rCold   + . .      Faith    .    (shield currently unavailable)
rNeg    + + +      Spirit   .    U - +0 acid dragon scales
rPois   .          Reflect  .    H - +2 helmet "Urunty" {rElec}
rElec   +          Harm     .    J - +2 cloak
rCorr   +          Rampage  .    f - +0 pair of gloves
Will    .....                    w - +0 pair of boots
Stlth   +                        v - amulet of regeneration
HPRegen 1.17/turn                X - ring "Caleats" {Contam rC+ rN+++ Str+2 Dex+3}
MPRegen 0.13/turn                m - +4 ring of protection

@: no status effects
A: (nimble swimmer 2), mertail
a: Renounce Religion, Wall Jump, Serpent's Lash


You were on level 3 of the Lair of Beasts.
You worshipped Wu Jian.
Wu Jian was most pleased with you.
You visited 3 branches of the dungeon, and saw 15 of its levels.
You also visited: Bailey.

You collected 914 gold pieces.
You spent 323 gold pieces at shops.

Inventory:

Hand Weapons
 a - a +3 vampiric great sword (weapon)
 B - a +1 short sword of holy wrath
 F - a +4 heavy falchion
Missiles
 e - a javelin
 O - a curare-tipped dart
 T - 2 throwing nets
Armour
 f - a +0 pair of gloves (worn)
 w - a +0 pair of boots (worn)
 H - the +2 helmet "Urunty" (worn) {rElec}
   (You bought it in a shop on level 7 of the Dungeon)

   rElec:     It insulates you from electricity.
 J - a +2 cloak (worn)
 M - a +0 kite shield
 U - +0 acid dragon scales (worn)
 Y - a +2 scale mail of cold resistance
Jewellery
 d - an amulet of guardian spirit
 m - a +4 ring of protection (right hand)
 v - an amulet of regeneration (around neck)
 C - a ring of resist corrosion
 I - a ring of protection from cold
 R - a +6 ring of dexterity
 S - a ring of see invisible
 X - the ring "Caleats" (left hand) {Contam rC+ rN+++ Str+2 Dex+3}
   (You acquired it on level 1 of the Lair of Beasts)

   [ring of protection from cold]

   Str:       It affects your strength (+2).
   Dex:       It affects your dexterity (+3).
   rC:        It protects you from cold.
   rN:        It renders you almost immune to negative energy.
   Contam:    It causes magical contamination when unequipped.
Wands
 n - a wand of flame (48) (quivered)
 D - a wand of digging (1)
 Q - a wand of light (3)
Scrolls
 c - 2 scrolls of poison
 g - 5 scrolls of fear
 j - 4 scrolls of fog
 k - a scroll of silence
 p - a scroll of brand weapon
 r - 6 scrolls of immolation {unknown}
 s - 5 scrolls of teleportation {unknown}
 y - a scroll of enchant weapon
 z - 4 scrolls of amnesia {unknown}
 G - a scroll of enchant armour
 K - 2 scrolls of vulnerability
 L - a scroll of butterflies
 W - a scroll of magic mapping
Potions
 b - a potion of brilliance
 h - a potion of haste
 l - 5 potions of heal wounds
 o - a potion of flight {unknown}
 q - 6 potions of curing
 t - a potion of invisibility {unknown}
 u - 3 potions of magic
 x - a potion of ambrosia {unknown}
 A - a potion of might {unknown}
 N - 3 potions of mutation
 P - a potion of resistance {unknown}
 V - a potion of attraction {unknown}
 Z - a potion of lignification


   Skills:
 + Level 11.1 Fighting
 * Level 17.7 Long Blades
 + Level 2.1 Throwing
 + Level 13.4 Dodging
 + Level 0.6 Shields
 - Level 10.0 Evocations


You had 12 spell levels left.
You didn't know any spells.
Your spell library contained the following spells:

 Spells                   Type           Power      Damage    Failure   Level
 Magic Dart               Conj           0%         1d3       54%         1
 Necrotise                Necr           0%         1d4       54%         1
 Sandblast                Erth           0%         2d4       54%         1
 Call Imp                 Summ           0%         N/A       67%         2
 Ensorcelled Hibernation  Hex/Ice        0%         N/A       67%         2
 Passwall                 Tmut/Erth      0%         N/A       67%         2
 Scorch                   Fire           0%         2d5       67%         2
 Static Discharge         Conj/Air       0%         2-2/arc   67%         2
 Mephitic Cloud           Conj/Pois/Air  0%         N/A       88%         3
 Stone Arrow              Conj/Erth      0%         3d7       88%         3
 Swiftness                Air            0%         N/A       88%         3
 Vampiric Draining        Necr           0%         2d6       88%         3
 Vhi's Electric Charge    Tloc/Air       0%         N/A       88%         3
 Flame Wave               Conj/Fire      0%         2d4       99%         4
 Agony                    Necr           0%         N/A       100%        5
 Arcjolt                  Conj/Air       0%         1d10      100%        5
 Lightning Bolt           Conj/Air       0%         1d11      100%        5
 Summon Cactus Giant      Summ           0%         N/A       100%        6


Dungeon Overview and Level Annotations

Branches:
Dungeon (10/15)            Temple (1/1) D:4            Lair (4/5) D:9
  Swamp (0/4) Lair:3        Snake (0/4) Lair:3        Slime (0/5) Lair:4
 Bailey (visited)
    Orc: D:9-12

Altars:
Ashenzari
Cheibriados
Dithmenos
Elyvilon
Fedhas
Gozag
Hepliaklqana
Kikubaaqudgha
Makhleb
Nemelex Xobeh
Okawaru
Qazlal
Ru
Sif Muna
Trog
Uskayaw
Vehumet
Wu Jian
Xom
Yredelemnul
Zin
The Shining One
Jiyva

Shops:
D:7 [

Annotations:
D:4 Edmund
Lair:2 2 transporters, Leeroy's ghost, journeyman VSWr


Innate Abilities, Weirdness & Mutations

((You are very nimble when in or above water. (Stealth+, EV+, Speed+++)))
Your lower body shifts to a powerful aquatic tail in water.


Message History

You regained 2 hp, and now have 140/159 hp.
You regained 2 hp, and now have 142/159 hp.
The lindwurm breathes flames at you. The blast of flame hits you!!
You take 23 damage, and have 119/159 hp.
You regained 2 hp, and now have 123/159 hp.
The lindwurm breathes flames at you. The blast of flame hits you.
You take 5 damage, and have 119/159 hp.
You regained 2 hp, and now have 122/159 hp.
The lindwurm breathes flames at you. The blast of flame hits you.
The lindwurm breathes flames at you. The blast of flame hits you!!
You take 33 damage, and have 90/159 hp.
MASSIVE DAMAGE!!
The lindwurm breathes flames at you. The blast of flame hits you!!
You take 20 damage, and have 71/159 hp.
The lindwurm breathes flames at you. The blast of flame hits you!!
* * * LOW HITPOINT WARNING * * *
You take 27 damage, and have 45/159 hp.
The lindwurm breathes flames at you. The blast of flame hits you!
* * * LOW HITPOINT WARNING * * *
You take 6 damage, and have 39/159 hp.
You regained 2 hp, and now have 41/159 hp.
Your magical effects are unravelling.
You feel magically purged.
You feel less wooden.
Your +2 cloak unmelds from your body.
The +2 helmet "Urunty" {rElec} unmelds from your body.
Your +0 pair of gloves unmelds from your body.
Your +0 pair of boots unmelds from your body.
Your +0 acid dragon scales unmelds from your body.
The lindwurm breathes flames at you. The blast of flame misses you.
The lindwurm breathes flames at you. The blast of flame hits you!!
You die...

##P(.....P...≈§≈≈≈§≈§§≈≈≈≈≈
##..#.##...≈§≈§≈§≈≈§≈≈§§≈§
#...###...§§§≈≈≈....§§≈≈§
##..###..≈≈§§§...##.§§≈§≈
#...##..§≈≈≈≈..####..≈≈≈
##..##..≈≈≈≈§k.#.! .#..≈≈
#......§≈§§≈≈k##$k ##.≈§
###..#§§§≈§§§k##$= ##.≈§
##.†..§§@≈≈≈≈k.#.[ .#..§≈
#.#.....≈≈≈≈≈≈..####..§≈≈
#...#...§§≈§§≈§.§##.§.§≈≈
######..P###.§≈§≈§§§≈..§.≈§§≈≈
#.......## #..§§§§≈§≈≈§≈§≈§≈≈§
#........# ##...§≈≈§§§§≈§≈≈≈≈≈
##.#.#....####....§≈≈≈≈≈≈≈≈§§≈.
#.......<...###...≈§§≈≈≈≈≈§≈...
##..........>#
##....≈..§≈≈≈....


You could see 4 lindwurms.

Vanquished Creatures
  Fannar (Lair:1)
  Harold (D:10)
  3 hydras
  A boulder beetle (Lair:4)
  A two-headed ogre (Bailey)
  3 bog bodies (Lair:3)
  Pikel (D:5)
  2 black mambas
  Joseph (D:7)
  9 elephants
  4 cane toads
  5 komodo dragons
  Maggie (Lair:1)
  An unseen horror (D:10)
  2 polar bears
  18 blink frogs
  Prince Ribbit (D:8)
  5 dream sheep (Lair:3)
  Sigmund (D:4)
  4 spriggans (Bailey)
  2 shadows
  4 wyverns
  19 yaks
  3 basilisks
  A steam dragon (D:7)
  An acid dragon (Bailey)
  2 swamp worms (Lair:3)
  14 water moccasins
  A sky beast (D:7)
  2 orc warriors
  2 ice beasts
  6 black bears
  10 wolves
  5 ogres
  A phantom (D:6)
  3 kobold brigands
  12 bullfrogs
  2 necrophages
  3 scorpions
  8 wights (D:8)
  14 killer bees
  4 howler monkeys
  An electric eel (Lair:3)
  3 gnoll boudas
  A jelly (D:5)
  3 orc priests (D:5)
  5 hounds
  Crazy Yiuf (D:7)
  Jessica (D:3)
  An iguana (D:4)
  6 orc wizards
  13 gnolls
  8 adders
  A shadow imp (D:7)
  3 worms
  A dart slug (D:1)
  29 orcs
  10 bats
  6 endoplasms
  3 giant cockroaches
  5 goblins
  7 hobgoblins
  18 kobolds
  7 quokkas
  10 ball pythons
  4 frilled lizards
  9 rats
340 creatures vanquished.

Vanquished Creatures (others)
  5 fungi
  3 plants
8 creatures vanquished.

Grand Total: 348 creatures vanquished

Notes
Turn   | Place    | Note
-------+----------+-------------------------------------------
     0 | D:1      | Dirtsage the Merfolk Gladiator began the quest for the Orb.
     0 | D:1      | Reached XP level 1. HP: 16/16 MP: 1/1
   130 | D:1      | Reached skill level 4 in Long Blades
   177 | D:1      | Reached XP level 2. HP: 21/22 MP: 2/2
   266 | D:1      | Found a faded altar of an unknown god.
   442 | D:1      | Reached XP level 3. HP: 27/27 MP: 3/3
   496 | D:1      | Reached skill level 5 in Long Blades
  1659 | D:3      | Reached XP level 4. HP: 32/33 MP: 4/4
  1730 | D:2      | Reached skill level 6 in Long Blades
  1846 | D:3      | Reached XP level 5. HP: 21/38 MP: 5/5
  2072 | D:3      | Found a stormy altar of Qazlal.
  2097 | D:3      | Found a sacrificial altar of Ru.
  2118 | D:3      | Noticed Jessica
  2124 | D:3      | Killed Jessica
  2125 | D:3      | Reached skill level 7 in Long Blades
  2837 | D:4      | Found a staircase to the Ecumenical Temple.
  2849 | Temple   | Entered the Ecumenical Temple
  2993 | Temple   | Became a worshipper of the Shining One
  3139 | D:4      | Reached XP level 6. HP: 46/46 MP: 6/6
  3450 | D:4      | Noticed Sigmund
  3494 | D:4      | Killed Sigmund
  3495 | D:4      | Reached skill level 8 in Long Blades
  3495 | D:4      | Reached skill level 1 in Evocations
  3644 | D:4      | Reached XP level 7. HP: 47/49 MP: 7/7
  3903 | D:4      | Noticed Edmund
  3975 | D:5      | Entered Level 5 of the Dungeon
  3998 | D:5      | Reached skill level 5 in Dodging
  4353 | D:5      | Reached skill level 9 in Long Blades
  4353 | D:5      | Reached XP level 8. HP: 49/60 MP: 8/8
  4623 | D:5      | Noticed Pikel
  4657 | D:5      | Killed Pikel
  4890 | D:5      | Reached skill level 10 in Long Blades
  4945 | D:5      | Reached skill level 5 in Fighting
  5107 | D:6      | Found a hazy altar of Hepliaklqana.
  5128 | D:6      | Reached XP level 9. HP: 68/68 MP: 9/9
  5354 | D:6      | Reached * piety under the Shining One
  5525 | D:6      | Reached skill level 11 in Long Blades
  6061 | D:7      | Found a flagged portal.
  6071 | D:7      | Identified the +8 halberd "Tuto" {drain, rC+ rCorr Str+3
                  | Stlth+}
  6079 | Bailey   | Entered a bailey
  6147 | Bailey   | Reached skill level 5 in Evocations
  6237 | Bailey   | Reached skill level 12 in Long Blades
  6237 | Bailey   | Reached XP level 10. HP: 59/77 MP: 6/10
  6324 | Bailey   | Noticed a two-headed ogre
  6368 | Bailey   | Killed a two-headed ogre
  6909 | D:7      | Noticed Joseph
  6924 | D:7      | Killed Joseph
  6925 | D:7      | Reached skill level 13 in Long Blades
  7014 | D:7      | Found Nephaaxzog's Antique Armour Boutique.
  7019 | D:7      | Bought a scorched helmet for 323 gold pieces
  7019 | D:7      | Identified the +2 helmet "Urunty" {rElec} (You bought it in
                  | a shop on level 7 of the Dungeon)
  7245 | D:7      | Found a runed translucent door.
  7246 | D:7      | Noticed Crazy Yiuf
  7284 | D:7      | Found an iron altar of Okawaru.
  7435 | D:7      | Found a white marble altar of Elyvilon.
  7501 | D:7      | Killed Crazy Yiuf
  7937 | D:8      | Reached XP level 11. HP: 86/86 MP: 11/11
  7985 | D:8      | Reached skill level 10 in Dodging
  8031 | D:8      | Reached ** piety under the Shining One
  8117 | D:8      | Noticed Prince Ribbit
  8129 | D:8      | Killed Prince Ribbit
  8626 | D:9      | Reached skill level 14 in Long Blades
  9127 | D:9      | Found a staircase to the Lair.
  9325 | D:10     | Entered Level 10 of the Dungeon
  9821 | D:10     | Noticed Harold
  9836 | D:10     | Killed Harold
 10075 | D:10     | Found a radiant altar of Vehumet.
 10077 | D:10     | Found an ornate altar of the Wu Jian Council.
 10082 | D:10     | Fell from the grace of the Shining One
 10082 | D:10     | Became a worshipper of the Wu Jian Council
 10084 | D:10     | Found a blossoming altar of Fedhas.
 10085 | D:10     | Found a burning altar of Makhleb.
 10333 | Lair:1   | Entered Level 1 of the Lair of Beasts
 10397 | Lair:1   | Noticed Maggie
 10403 | Lair:1   | Killed Maggie
 10546 | Lair:1   | Noticed Fannar
 10556 | Lair:1   | Killed Fannar
 10603 | Lair:1   | Reached skill level 15 in Long Blades
 11225 | Lair:1   | Reached XP level 12. HP: 95/95 MP: 12/12
 11569 | Lair:1   | Identified 2 scrolls of acquirement
 11570 | Lair:1   | Acquired the ring "Caleats" {Contam rC+ rN+++ Str+2 Dex+3}
 11572 | Lair:1   | Acquired an amulet of regeneration
 11609 | Lair:2   | Reached * piety under Wu Jian
 11942 | Lair:2   | Reached skill level 16 in Long Blades
 12040 | Lair:2   | Found a transporter.
 12054 | Lair:2   | You fall into a shaft and drop 2 floors!
 12131 | Lair:3   | Reached skill level 10 in Fighting
 12133 | Lair:3   | Reached ** piety under Wu Jian
 12290 | Lair:2   | Noticed Leeroy's ghost (journeyman VSWr)
 12315 | Lair:2   | Found a transporter.
 12648 | Lair:3   | Noticed an eight-headed hydra
 12669 | Lair:3   | Killed an eight-headed hydra
 12670 | Lair:3   | Reached XP level 13. HP: 75/104 MP: 13/13
 12706 | Lair:3   | Found a staircase to the Snake Pit.
 12710 | Lair:3   | Identified the +9 dagger of Zin, Gazing {freeze, *Slow
                  | rElec Will+ Str+3}
 12762 | Lair:3   | Reached skill level 17 in Long Blades
 12902 | Lair:3   | Found a staircase to the Swamp.
 13191 | Lair:4   | Reached *** piety under Wu Jian
 13271 | Lair:4   | Reached skill level 10 in Evocations
 13326 | Lair:4   | Found a staircase to the Slime Pits.
 13327 | Lair:4   | Found a viscous altar of Jiyva.
 14228 | Lair:3   | Killed from afar by a lindwurm

Illustrated notes

Levels and vault maps discovered:
D:1:      lemuel_arrival_river_passageway, layout_loops_ring,
          ebering_ecumenical_altar_abandoned
D:2:      layout_basic
D:3:      layout_basic, nicolae_overflow_crystal_walls,
          nicolae_qazlal_scattered_showers, uniq_jessica
D:4:      layout_layer_cave, minmay_temple_entry_sparse_star,
          sigmund_edmund_badplayer
D:5:      layout_loops_cross, uniq_pikel
D:6:      layout_loops_corners, amcnicky_altar_gilded, minivault_14
D:7:      layout_rooms, lemuel_tele_altar,
          hellmonk_okawaru_the_only_friend_you_need, serial_shops, shop,
          enter_bailey_2, uniq_joseph, uniq_crazy_yiuf_cottage
D:8:      layout_basic, uniq_prince_ribbit1
D:9:      layout_roguey, lair_entry_dummy, nicolae_wwwww
D:10:     layout_irregular_city, minitemple, uniq_harold
Temple:   nicolae_temple_bog_church
Lair:1:   layout_cave_pods, beast_lair_carwin_6, grunt_megastairs_4,
          uniq_maggie, uniq_fannar
Lair:2:   layout_concentric_octagons, gammafunk_ghost_arena
Lair:3:   layout_cave_pods, nicolae_swamp_entry_splash_gauntlet,
          minmay_lindwurm_lava
Lair:4:   layout_misc_corridors, dpeg_slime_entry_corner, grunt_megastairs_1

Skill      XL: |  1  2  3  4  5  6  7  8  9 10 11 12 13 |
---------------+----------------------------------------+-----
Long Blades    | 4 5 6 7 8 9 10 12 13 15 16 17 | 17.7
Fighting       | 3 4 5 6 7 9 10 11 | 11.1
Evocations     | 1 2 4 5 6 8 9 10 | 10.0
Dodging        | 5 7 8 9 11 12 13 | 13.4
Throwing       | |  2.1
Shields        | |  0.6

Action                     |  1- 3 |  4- 6 |  7- 9 | 10-12 | 13-15 || total
---------------------------+-------+-------+-------+-------+-------++-------
  Melee: Long sword        |   125 |   137 |   254 |     5 |       ||   521
         Punch             |     1 |     1 |     3 |     2 |     1 ||     8
         Tailslap          |       |       |     4 |     1 |       ||     5
         Falchion          |       |       |       |   124 |       ||   124
         Great sword       |       |       |       |   389 |   129 ||   518
         Short sword       |       |       |       |     9 |    32 ||    41
  Throw: Throwing net      |       |     1 |     2 |       |       ||     3
Ability: Lunge             |       |       |       |    11 |     8 ||    19
         Whirlwind         |       |       |       |    28 |    38 ||    66
         Wall Jump         |       |       |       |       |     2 ||     2
  Evoke: Wand              |       |     5 |     3 |    13 |     4 ||    25
    Use: Potion            |       |     2 |       |       |     6 ||     8
         Scroll            |       |       |     1 |    14 |     2 ||    17
   Stab: Sleeping          |     5 |       |       |       |       ||     5
         Held in net/web   |       |     2 |       |       |       ||     2
         Invisible         |       |       |       |     4 |       ||     4
 Armour: Leather armour    |    50 |    42 |       |       |       ||    92
         Ring mail         |       |    18 |    91 |    63 |       ||   172
         Acid dragon scale |       |       |       |    92 |    49 ||   141
  Dodge: Dodged            |   112 |    76 |   164 |   544 |   131 ||  1027

Table legend: (Time is in decaauts)
 A = Elapsed time spent in this place.
 B = Non-inter-level travel time spent in this place.
 C = Inter-level travel time spent in this place.
 D = Time resting spent in this place.
 E = Time spent auto-exploring this place.
 F = Levels seen in this place.
 G = Mean time per level.
                   A        B        C        D        E       F      G
               +--------+--------+--------+--------+--------+-----+--------+
         Total |  14198 |  13643 |    555 |    442 |  10298 |  16 |  887.4 |
       Dungeon |   9767 |   9353 |    414 |    352 |   7206 |  10 |  976.7 |
        Temple |    137 |    120 |     17 |      0 |     70 |   1 |  137.0 |
          Lair |   3927 |   3804 |    123 |      0 |   2946 |   4 |  981.8 |
        Bailey |    366 |    366 |      0 |     90 |     75 |   1 |  366.0 |
               +--------+--------+--------+--------+--------+-----+--------+

Top non-repeatable levels by time:
  Lair:1: 1281 daAuts
     D:4: 1228 daAuts
  Lair:3: 1216 daAuts
     D:6: 1082 daAuts
     D:7: 1059 daAuts
     D:5: 1033 daAuts
     D:3: 977 daAuts
    D:10: 960 daAuts
     D:8: 875 daAuts
     D:9: 858 daAuts
     D:2: 857 daAuts
     D:1: 834 daAuts
  Lair:4: 822 daAuts
  Lair:2: 608 daAuts
  Bailey: 366 daAuts
